[Event "Titled Tuesday Blitz February 14 Late 2023"]
[White "Vovk, Orest"]
[Black "Melkumyan, Hrant"]
[WhiteFideId "14113490"]
[BlackFideId "13302485"]
[WhiteElo "2315"]
[BlackElo "2645"]
[Result "0-1"]
[Round "02"]
[TimeControl "180+2"]
[Date "2023.02.14"]
[WhiteClock "0:00:58"]
[BlackClock "0:01:06"]

1. h4 d5 2. h5 e5 3. h6 Nxh6 4. d4 exd4 5. Bxh6 gxh6 6. Qxd4 Rg8 7. Nc3 Be6 8. O-O-O Nc6 9. Qa4 Bb4 10. Nf3 Bxc3 11. bxc3 Qf6 12. Kb2 Rg4 13. Qa3 Rb4+ 14. Kc1 Rb6 15. e3 O-O-O 16. Rh4 Kb8 17. Rf4 Qg7 18. Nd4 Nxd4 19. cxd4 a6 20. g3 Rdd6 21. Bd3 Ka7 22. Kd2 h5 23. Rh1 Bg4 24. f3 Bd7 25. Rxh5 Qxg3 26. Rxh7 Qf2+ 27. Be2 Bb5 0-1


[Site "https://www.chess.com"]

[Event "Titled Tuesday Blitz February 14 Late 2023"]
[White "Madaminov, Mukhiddin"]
[Black "Al-Tarboush, Ward"]
[WhiteFideId "14210703"]
[BlackFideId "7601450"]
[WhiteElo "2422"]
[BlackElo "2256"]
[Result "1-0"]
[Round "02"]
[TimeControl "180+2"]
[Date "2023.02.14"]
[WhiteClock "0:00:22"]
[BlackClock "0:00:02"]

1. d4 Nf6 2. Nc3 d5 3. Bf4 Bf5 4. f3 h5 5. e3 e6 6. Bd3 Nc6 7. Nge2 Bd6 8. Bxd6 Qxd6 9. e4 dxe4 10. fxe4 Ng4 11. exf5 Ne3 12. Qd2 Nxg2+ 13. Kf2 Nh4 14. Nb5 Qe7 15. Qf4 O-O-O 16. Rae1 g5 17. f6 Qd7 18. Qxg5 Nf5 19. Bxf5 exf5 20. Qf4 a6 21. Nbc3 Rhg8 22. h3 Rg6 23. Rhg1 Rxf6 24. d5 Ne7 25. Rd1 Rd6 26. Qe3 Kb8 27. Nf4 Nc8 28. Rge1 Nb6 29. b3 Rg8 30. a4 Nc8 31. a5 Qd8 32. Rg1 Qh4+ 33. Kf3 Rf8 34. Na4 Rdd8 35. Qe1 Qf6 36. Nc5 Nd6 37. c4 Rde8 38. Nd7+ Kc8 39. Nxf6 Rxe1 40. Rdxe1 1-0


[Site "https://www.chess.com"]

[Event "Titled Tuesday Blitz February 14 Late 2023"]
[White "Paichadze, Luka"]
[Black "AyMitecK"]
[WhiteFideId "13602934"]
[WhiteElo "2515"]
[BlackElo "2577"]
[Result "1-0"]
[Round "02"]
[TimeControl "180+2"]
[Date "2023.02.14"]
[WhiteClock "0:02:25"]
[BlackClock "0:02:43"]

1. e4 e6 2. d4 d5 3. e5 c5 4. c3 Nc6 5. Nf3 Qb6 6. Bd3 cxd4 7. O-O Bd7 8. Re1 Rc8 9. Nbd2 dxc3 10. bxc3 Na5 11. Rb1 Qc7 12. Nb3 Ba4 13. Nfd4 Ne7 14. Bb5+ Bxb5 15. Nxb5 Qd7 16. Nd6+ Kd8 17. Nxa5 1-0


[Site "https://www.chess.com"]

[Event "Titled Tuesday Blitz February 14 Late 2023"]
[White "Danielyan, Vahe"]
[Black "Kamsky, Gata"]
[WhiteFideId "13304828"]
[BlackFideId "2000024"]
[WhiteElo "2346"]
[BlackElo "2665"]
[Result "0-1"]
[Round "02"]
[TimeControl "180+2"]
[Date "2023.02.14"]
[WhiteClock "0:00:01"]
[BlackClock "0:00:32"]

1. c4 Nf6 2. g3 c6 3. Bg2 d5 4. Nf3 g6 5. b3 Bg7 6. Bb2 O-O 7. O-O a5 8. Nc3 Bg4 9. Rc1 Bxf3 10. Bxf3 e6 11. d3 Nbd7 12. Bg2 Qb8 13. e4 dxe4 14. dxe4 e5 15. Qe2 Re8 16. Na4 b6 17. Rfd1 Qc7 18. Rd3 Bf8 19. Rcd1 Nc5 20. Nxc5 Bxc5 21. h3 a4 22. Kh2 axb3 23. axb3 Ra2 24. R1d2 Qe7 25. Bc3 Ra3 26. f4 exf4 27. gxf4 Bb4 28. e5 Bxc3 29. Rxc3 Nh5 30. Qg4 Rd8 31. Rcd3 Rxd3 32. Rxd3 Ra2 33. Qf3 Qh4 34. Rd4 c5 35. Re4 Qf2 36. Re3 Nxf4 37. e6 Qxg2+ 38. Qxg2 Rxg2+ 39. Kh1 fxe6 0-1


[Site "https://www.chess.com"]

[Event "Titled Tuesday Blitz February 14 Late 2023"]
[White "Baghdasaryan, Vahe"]
[Black "Gorodetzky, David"]
[WhiteFideId "13303139"]
[BlackFideId "2813416"]
[WhiteElo "2257"]
[BlackElo "2485"]
[Result "0-1"]
[Round "02"]
[TimeControl "180+2"]
[Date "2023.02.14"]
[WhiteClock "0:00:11"]
[BlackClock "0:01:27"]

1. e4 c5 2. Nf3 d6 3. d4 cxd4 4. Nxd4 Nf6 5. Nc3 a6 6. Bg5 Nbd7 7. f4 h6 8. Bxf6 gxf6 9. Be2 e6 10. Bh5 Nb6 11. f5 Ke7 12. fxe6 fxe6 13. O-O Bg7 14. Qg4 Rg8 15. Qg6 Qf8 16. Rae1 Bh8 17. Nf5+ exf5 18. exf5+ Kd8 19. Qh7 Rg7 20. Qxh6 Rxg2+ 21. Kxg2 Qxh6 22. Re8+ Kc7 23. Bg6 Bxf5 24. Re7+ Bd7 25. Bf5 Rg8+ 26. Kh1 Qg5 27. Nd5+ Kb8 28. Ne3 Bc6+ 0-1


[Site "https://www.chess.com"]

[Event "Titled Tuesday Blitz February 14 Late 2023"]
[White "Remizov, Yaroslav"]
[Black "Pinheiro, Iung Alicio de O."]
[WhiteFideId "34134015"]
[BlackFideId "2104350"]
[WhiteElo "2421"]
[BlackElo "2306"]
[Result "1-0"]
[Round "02"]
[TimeControl "180+2"]
[Date "2023.02.14"]
[WhiteClock "0:00:33"]
[BlackClock "0:00:02"]

1. e4 c5 2. Nf3 Nc6 3. Bb5 e5 4. O-O Bd6 5. c3 a6 6. Bc4 b5 7. Bd5 Nge7 8. d4 cxd4 9. cxd4 exd4 10. Nxd4 O-O 11. Bg5 Qc7 12. Nc3 Bb7 13. f4 Nxd4 14. Bxb7 Qxb7 15. Qxd4 Qc7 16. Kh1 f6 17. Rac1 Qb8 18. e5 fxg5 19. exd6 Nf5 20. Qd5+ Kh8 21. Ne4 Ne3 22. Qxg5 Nxf1 23. Rxf1 Qe8 24. Ng3 h6 25. Qd5 Rc8 26. h3 Rc2 27. f5 Qe3 28. Nh5 Qg5 29. Nf4 Rxf5 30. Ng6+ Qxg6 31. Rxf5 Rc8 32. Kh2 Kh7 33. Rf7 Rc5 34. Rxg7+ Qxg7 35. Qxc5 Qxb2 36. Qf5+ Kg8 37. Qd5+ Kg7 38. Qf5 Qf6 39. Qxd7+ Kg6 40. Qg4+ Kh7 41. d7 Qd6+ 42. Kg1 a5 43. Qf5+ Kg7 44. Qxb5 Qd4+ 45. Kf1 Qd1+ 46. Kf2 Qd2+ 47. Kf3 Qd1+ 48. Ke4 Qe1+ 49. Kd5 1-0


[Site "https://www.chess.com"]

[Event "Titled Tuesday Blitz February 14 Late 2023"]
[White "Suder, Jakub"]
[Black "Samsonkin, Artiom"]
[WhiteFideId "1195310"]
[BlackFideId "13503111"]
[WhiteElo "2244"]
[BlackElo "2420"]
[Result "0-1"]
[Round "02"]
[TimeControl "180+2"]
[Date "2023.02.14"]
[WhiteClock "0:00:42"]
[BlackClock "0:00:46"]

1. d4 d5 2. c4 e6 3. Nc3 c5 4. cxd5 cxd4 5. Qa4+ Qd7 6. Qxd4 exd5 7. e4 dxe4 8. Bb5 Nc6 9. Qxe4+ Be7 10. Bg5 Qe6 11. Nf3 Nf6 12. Qxe6 Bxe6 13. Nd4 Bd7 14. Nxc6 bxc6 15. Bc4 h6 16. Bh4 O-O 17. O-O-O Bf5 18. Rhe1 Rfe8 19. f3 Bc5 20. Bxf6 gxf6 21. Bd3 Rxe1 22. Bxf5 Rxd1+ 23. Kxd1 Rd8+ 24. Kc2 Kg7 25. Be4 Be3 26. Bd3 c5 27. Ne4 f5 28. Ng3 f4 29. Ne4 f5 30. Nc3 Kf6 31. g3 c4 32. Bxc4 Rd2+ 33. Kb3 Rxh2 34. gxf4 Bxf4 35. Nd5+ Ke5 36. Ne7 Bg5 37. Ng6+ 0-1


[Site "https://www.chess.com"]

[Event "Titled Tuesday Blitz February 14 Late 2023"]
[White "Boros, Denes"]
[Black "Pham, Khoi"]
[WhiteFideId "722340"]
[BlackFideId "1054988"]
[WhiteElo "2406"]
[BlackElo "2355"]
[Result "1-0"]
[Round "02"]
[TimeControl "180+2"]
[Date "2023.02.14"]
[WhiteClock "0:00:19"]
[BlackClock "0:00:03"]

1. d4 d5 2. Nc3 Nf6 3. Nf3 g6 4. Ne5 Bg7 5. Bg5 Nbd7 6. e3 c6 7. Bd3 Nxe5 8. dxe5 Nd7 9. e6 fxe6 10. h4 Ne5 11. h5 Nxd3+ 12. Qxd3 e5 13. e4 d4 14. Ne2 Be6 15. c3 Qa5 16. b4 Qb6 17. a3 h6 18. Bd2 O-O-O 19. c4 g5 20. a4 Rhf8 21. O-O Qc7 22. c5 Bg4 23. Ng3 Qd7 24. b5 Qe8 25. Rab1 cxb5 26. axb5 Rf6 27. Ra1 Kb8 28. Rfb1 Qf8 29. Qa3 Rxf2 30. Be1 Rf6 31. Qxa7+ Kc7 32. c6 Kd6 33. cxb7 Ke6 34. Qa2+ Kd7 35. Rc1 Ke8 36. Rc7 Be6 37. Qc2 Kf7 38. Nf5 1-0


[Site "https://www.chess.com"]

[Event "Titled Tuesday Blitz February 14 Late 2023"]
[White "Djokic, Mihailo"]
[Black "Avinash, Ramesh"]
[WhiteFideId "976440"]
[BlackFideId "45018340"]
[WhiteElo "2192"]
[BlackElo "2319"]
[Result "0-1"]
[Round "02"]
[TimeControl "180+2"]
[Date "2023.02.14"]
[WhiteClock "0:00:12"]
[BlackClock "0:01:34"]

1. e4 e6 2. d4 d5 3. Nd2 Nf6 4. Bd3 c5 5. c3 cxd4 6. cxd4 dxe4 7. Nxe4 Nxe4 8. Bxe4 Bb4+ 9. Bd2 Bxd2+ 10. Qxd2 Nd7 11. Rc1 Nf6 12. Bf3 O-O 13. Ne2 Rb8 14. O-O b6 15. Rfd1 Bb7 16. Bxb7 Rxb7 17. Qb4 Qd7 18. Rc2 Rc8 19. Rdc1 Rbc7 20. Rxc7 Rxc7 21. Rxc7 Qxc7 22. Nc3 h5 23. h3 Qf4 24. Qe7 Qc1+ 25. Kh2 Qxb2 26. Qc7 Qxf2 27. Qe5 h4 28. a4 g6 29. Nb5 Nh5 30. Qb8+ Kh7 31. Qc7 Ng3 32. Nd6 Kg7 33. Ne8+ Kh6 34. Qe5 Qf1 35. Qe3+ g5 36. Qg1 Qxg1+ 37. Kxg1 Ne2+ 38. Kf2 Nxd4 39. Nd6 Kg6 40. Nc8 b5 41. a5 a6 42. Ke3 Nc6 43. Ke4 Nxa5 44. Ne7+ Kf6 45. Nc6 Nxc6 0-1


[Site "https://www.chess.com"]

[Event "Titled Tuesday Blitz February 14 Late 2023"]
[White "Ibadov, Dashgyn"]
[Black "Li, Ruifeng"]
[WhiteFideId "24107514"]
[BlackFideId "2061074"]
[WhiteElo "2391"]
[BlackElo "2541"]
[Result "0-1"]
[Round "02"]
[TimeControl "180+2"]
[Date "2023.02.14"]
[WhiteClock "0:00:03"]
[BlackClock "0:01:11"]

1. e4 d6 2. d4 Nf6 3. Nc3 Nc6 4. Nf3 g6 5. Be3 Bg7 6. Qd2 h6 7. h3 e6 8. O-O-O a6 9. Kb1 b5 10. Bd3 Bb7 11. d5 exd5 12. exd5 Ne7 13. Bd4 Kf8 14. Rhe1 b4 15. Ne4 Nexd5 16. Nxf6 Nxf6 17. Bc4 a5 18. Qd3 Nd7 19. Qb3 Bxd4 20. Nxd4 Nc5 21. Qg3 Qg5 22. Qxg5 hxg5 23. Nb5 Rh4 24. b3 Rc8 25. f3 Ba6 26. Re3 Bxb5 27. Bxb5 c6 28. Bf1 d5 29. Rde1 Ne6 30. Kb2 Rd4 31. Rd3 Rxd3 32. Bxd3 Kg7 33. c3 Kf6 34. cxb4 axb4 35. Rc1 Ke5 36. a3 bxa3+ 37. Kxa3 c5 38. Bb5 Nd4 39. Bd3 Kd6 40. Re1 Ra8+ 41. Kb2 Rb8 42. Bc2 c4 43. Kc3 Nxc2 44. bxc4 0-1


[Site "https://www.chess.com"]

[Event "Titled Tuesday Blitz February 14 Late 2023"]
[White "Yuan, Qingyu"]
[Black "Aldokhin, Ivan"]
[WhiteFideId "8609772"]
[BlackFideId "24115720"]
[WhiteElo "2373"]
[BlackElo "2413"]
[Result "1-0"]
[Round "02"]
[TimeControl "180+2"]
[Date "2023.02.14"]
[WhiteClock "0:00:06"]
[BlackClock "0:00:03"]

1. e4 c5 2. Nf3 e6 3. c3 Nf6 4. e5 Nd5 5. g3 b6 6. Bg2 Bb7 7. O-O d6 8. exd6 Bxd6 9. d4 O-O 10. Nbd2 Nc6 11. Ne4 cxd4 12. Nxd6 Qxd6 13. Nxd4 Nxd4 14. Qxd4 e5 15. Qd3 Rad8 16. Rd1 Qc7 17. Qe2 f6 18. a4 Ne7 19. Be3 Bxg2 20. Kxg2 f5 21. Bg5 Rxd1 22. Rxd1 Ng6 23. Qb5 f4 24. Rd7 Qc8 25. Qd5+ Kh8 26. f3 e4 27. Rd8 exf3+ 28. Kxf3 fxg3+ 29. Kxg3 Qc7+ 30. Kg2 Rxd8 31. Qxd8+ Qxd8 32. Bxd8 Nf4+ 33. Kf3 Nd3 34. b4 Kg8 35. Ke4 Nb2 36. a5 bxa5 37. bxa5 a6 38. Kd5 Kf7 39. Bb6 g5 40. c4 Ke7 41. c5 Kd7 42. c6+ Kc8 43. Ke5 Nd3+ 44. Kf5 h6 45. Kg6 Ne1 46. Kxh6 g4 47. Kh5 Nf3 48. Kxg4 Nxh2+ 49. Kf4 Nf1 50. Ke5 Nd2 51. Kd4 Nf3+ 52. Kd5 Nd2 53. Kd6 Nc4+ 54. Kc5 Ne5 55. Ba7 Nd3+ 56. Kb6 Ne5 57. Kc5 Nd3+ 58. Kd6 Nb4 59. Bd4 Nd3 60. Be5 Nb4 61. Bh2 Nd3 62. Kd5 Nb2 63. Kc5 Nd3+ 64. Kb6 Nb4 65. Bg3 Nd5+ 66. Kxa6 Nb4+ 67. Kb5 Nd5 68. a6 Nc3+ 69. Kb6 Ne4 70. Bh2 Nd6 71. Bxd6 Kd8 72. a7 Ke8 73. a8=Q+ Kf7 74. Qf8+ Ke6 75. Qe7+ Kd5 76. Qe5+ Kc4 77. Qc5+ Kb3 78. c7 1-0


[Site "https://www.chess.com"]

[Event "Titled Tuesday Blitz February 14 Late 2023"]
[White "Richter, Paul"]
[Black "Holt, Conrad"]
[WhiteFideId "2046350"]
[BlackFideId "2034387"]
[WhiteElo "2171"]
[BlackElo "2540"]
[Result "1/2-1/2"]
[Round "02"]
[TimeControl "180+2"]
[Date "2023.02.14"]
[WhiteClock "0:00:09"]
[BlackClock "0:00:07"]

1. e4 e6 2. d4 d5 3. Nc3 Nf6 4. Bg5 dxe4 5. Nxe4 Be7 6. Bxf6 Bxf6 7. Nf3 Nd7 8. Bd3 c5 9. Qe2 Qa5+ 10. c3 cxd4 11. Nxf6+ Nxf6 12. Nxd4 O-O 13. O-O e5 14. Nc2 Bg4 15. f3 Be6 16. Ne3 Rad8 17. Rfd1 Rd7 18. Bc4 Bxc4 19. Qxc4 Qb6 20. Qe2 e4 21. Rxd7 exf3 22. Qxf3 Nxd7 23. Qf2 Re8 24. Nc4 Qc7 25. b3 b5 26. Rf1 Nf6 27. Ne3 Qxc3 28. Nd5 Qe5 29. Nxf6+ Qxf6 30. Qxf6 gxf6 31. Rxf6 Kg7 32. Ra6 Re7 33. Kf2 f6 34. Kf3 Kg6 35. g4 Kg5 36. h3 Rf7 37. Kg3 Kg6 38. Kf4 Rd7 39. Ra5 Rb7 40. Ra6 Rd7 41. g5 Rd4+ 42. Ke3 Rh4 43. gxf6 Rxh3+ 44. Kd4 Rh2 45. Rxa7 Kxf6 46. Kc5 Rh5+ 47. Kb4 h6 48. Rb7 Re5 49. Rh7 h5 50. Rh8 Kg7 51. Rd8 h4 52. Rd4 Rh5 53. Rd2 h3 54. Rh2 Kf6 55. a4 bxa4 56. bxa4 Ke6 57. a5 Kd6 58. Kc4 Kc6 59. Kd4 Kb5 60. Ke4 Kxa5 61. Kf4 Rh8 62. Kg3 Kb6 63. Rxh3 Rxh3+ 64. Kxh3 1/2-1/2


[Site "https://www.chess.com"]

[Event "Titled Tuesday Blitz February 14 Late 2023"]
[White "Acor, Corey"]
[Black "Maltsevskaya, Aleksandra"]
[WhiteFideId "2024861"]
[BlackFideId "24174041"]
[WhiteElo "2216"]
[BlackElo "2390"]
[Result "0-1"]
[Round "02"]
[TimeControl "180+2"]
[Date "2023.02.14"]
[WhiteClock "0:00:39"]
[BlackClock "0:01:24"]

1. e4 c5 2. Nc3 e6 3. g3 Nc6 4. Bg2 g6 5. d3 Bg7 6. Be3 b6 7. f4 Nge7 8. Nf3 d5 9. exd5 exd5 10. d4 Nf5 11. Bf2 cxd4 12. Nb5 O-O 13. Nbxd4 Re8+ 14. Kf1 Ba6+ 15. Kg1 Ncxd4 16. Nxd4 Ne3 17. Bxe3 Rxe3 18. Qd2 Qe7 19. Nc6 Qc5 20. Qf2 Rae8 21. Ne5 f6 22. Nd3 Bxd3 23. cxd3 f5 24. Bf1 Bd4 25. Kg2 Rxd3 26. b4 Qc3 27. Bxd3 Bxf2 28. Rad1 Qb2 29. Kh3 Qxb4 30. Rb1 Qa3 31. Rhd1 Re3 32. Bb5 Bxg3 33. Rxd5 Bxf4+ 34. Kg2 Qxa2+ 35. Rd2 Qxd2+ 0-1


[Site "https://www.chess.com"]

[Event "Titled Tuesday Blitz February 14 Late 2023"]
[White "Machidon, Cristi"]
[Black "Makridis, Dimitrios"]
[WhiteFideId "13904590"]
[BlackFideId "25864475"]
[WhiteElo "2301"]
[BlackElo "2356"]
[Result "0-1"]
[Round "02"]
[TimeControl "180+2"]
[Date "2023.02.14"]
[WhiteClock "0:00:02"]
[BlackClock "0:00:36"]

1. d4 g6 2. e4 Bg7 3. Nf3 d6 4. Bc4 e6 5. Qe2 a6 6. a4 Ne7 7. O-O O-O 8. Bg5 b6 9. Re1 Bb7 10. Nbd2 Nd7 11. c3 h6 12. Bh4 c5 13. Rad1 cxd4 14. cxd4 g5 15. Bg3 d5 16. exd5 Nxd5 17. h4 Nf4 18. Qe3 Nh5 19. Bd6 Re8 20. hxg5 hxg5 21. Nxg5 Ndf6 22. Be5 Ng4 23. Nxf7 Nxe3 24. Nxd8 Nxd1 25. Nxb7 Nxb2 26. Nd6 Nxc4 27. N2xc4 Rf8 28. Nxb6 Rad8 29. Nbc4 Bxe5 30. dxe5 Rf4 31. Rb1 Ng7 32. g3 Rd4 33. Rb6 a5 34. Ra6 Rd5 35. Rxa5 Rxa5 36. Nxa5 Ra8 37. Ndc4 Nf5 38. Kg2 Kf7 39. g4 Nd4 40. f4 Ke7 41. Kf2 Rg8 42. Ke3 Nc2+ 43. Kf3 Nb4 44. Nb7 Rh8 45. f5 Rh3+ 46. Kf4 Nd3+ 47. Kg5 exf5 48. gxf5 Rg3+ 49. Kh4 Rg1 50. Nbd6 Nxe5 51. Nc8+ Kf6 52. Nxe5 Kxe5 53. Ne7 Kf6 54. Nd5+ Kxf5 55. a5 Re1 56. a6 Ke5 57. Nb6 Ra1 58. Kg5 Rxa6 59. Nd7+ Kd6 60. Nf6 Ra4 61. Kf5 Ra5+ 62. Kf4 Ke6 63. Ne4 Ra4 64. Ke3 Ke5 65. Nd2 Ra3+ 66. Ke2 Kd4 67. Nf3+ Kc4 68. Nd2+ Kd5 69. Nf3 Ra8 70. Ke3 Rf8 71. Nd2 Rh8 72. Nf3 Re8+ 73. Kf4 Re4+ 74. Kf5 Ra4 75. Ng5 Ra1 76. Nf3 Rf1 77. Kf4 Rh1 78. Ke3 Rh6 79. Kf4 Re6 80. Ng5 Re5 81. Nf3 Re4+ 82. Kf5 Rc4 83. Ng5 Kd4 84. Nf3+ Ke3 85. Ne5 Rc5 86. Ke6 Ke4 87. Nf7 Rc6+ 88. Nd6+ Kd4 89. Kd7 Kd5 90. Nf7 Re6 91. Nd8 Ra6 92. Nf7 Ra7+ 93. Ke8 Ke6 94. Nd8+ Kf6 95. Nc6 Rc7 96. Nd8 Re7+ 97. Kf8 Re3 98. Nc6 Ke6 99. Nd8+ Kf6 100. Nc6 Rc3 101. Ne7 Ke6 102. Ke8 Rc7 0-1


[Site "https://www.chess.com"]

[Event "Titled Tuesday Blitz February 14 Late 2023"]
[White "Pichot, Alan"]
[Black "Kanyamarala, Tarun"]
[WhiteFideId "110973"]
[BlackFideId "45004714"]
[WhiteElo "2638"]
[BlackElo "2342"]
[Result "1-0"]
[Round "02"]
[TimeControl "180+2"]
[Date "2023.02.14"]
[WhiteClock "0:00:21"]
[BlackClock "0:00:05"]

1. e4 c5 2. Nc3 e6 3. Nf3 a6 4. g3 b5 5. Bg2 Bb7 6. d4 cxd4 7. Nxd4 Nf6 8. O-O b4 9. Na4 Bxe4 10. Bxe4 Nxe4 11. Re1 d5 12. c4 bxc3 13. Nxc3 Nxc3 14. bxc3 Be7 15. Qg4 O-O 16. Rb1 Bf6 17. Bf4 Nd7 18. Bd6 Re8 19. Rb7 Rc8 20. Qf3 Nc5 21. Bxc5 Rxc5 22. Reb1 Qc8 23. Ne2 h6 24. Qf4 Rc4 25. Qd6 Qc6 26. Qa3 Bxc3 27. R1b6 Qc5 28. Qxa6 Bd4 29. Nxd4 Qxd4 30. Rc6 Qa1+ 31. Kg2 Rxc6 32. Qxc6 Rf8 33. a4 Qe5 34. Rb4 Qe1 35. Qb7 Kh7 36. a5 Rc8 37. Qxc8 Qxb4 38. Qc2+ f5 39. Qa2 Qb7 40. a6 Qa8 41. a7 d4+ 42. f3 e5 43. Qf7 e4 44. Qxf5+ g6 45. Qf7+ Kh8 46. Qf6+ Kh7 47. Qxd4 exf3+ 48. Kf2 Qb7 49. h4 h5 50. Qe3 Kg7 51. Qe5+ Kf7 52. Qb8 1-0


[Site "https://www.chess.com"]

[Event "Titled Tuesday Blitz February 14 Late 2023"]
[White "O`Gorman, Tom"]
[Black "Lodici, Lorenzo"]
[WhiteFideId "2508249"]
[BlackFideId "884189"]
[WhiteElo "2355"]
[BlackElo "2524"]
[Result "0-1"]
[Round "02"]
[TimeControl "180+2"]
[Date "2023.02.14"]
[WhiteClock "0:00:15"]
[BlackClock "0:00:19"]

1. d4 Nf6 2. c4 b6 3. Nc3 Bb7 4. f3 Nc6 5. d5 Ne5 6. e4 e6 7. f4 Ng6 8. e5 Ng8 9. Nf3 Bb4 10. dxe6 fxe6 11. Bd3 N8e7 12. O-O O-O 13. Ne2 h6 14. Qc2 Qe8 15. Kh1 a5 16. a3 Bc5 17. b3 Nf5 18. Be4 Bxe4 19. Qxe4 c6 20. Bd2 Qe7 21. g4 Nfh4 22. Nxh4 Nxh4 23. Be1 Rae8 24. Rd1 g5 25. Bxh4 gxh4 26. Qg6+ Qg7 27. Qxg7+ Kxg7 28. Rxd7+ Rf7 29. Rxf7+ Kxf7 30. Rd1 Bxa3 31. Kg2 Ke7 32. f5 Rd8 33. Rxd8 Kxd8 34. Nd4 exf5 35. gxf5 Kd7 36. Kf3 Bb2 37. Ke4 h5 38. Nf3 b5 39. cxb5 cxb5 40. Kd5 a4 41. bxa4 bxa4 42. f6 a3 43. e6+ Kd8 44. e7+ Kd7 45. Nd2 a2 46. Nb3 Bxf6 47. Ke4 Kxe7 48. Kf5 Kf7 49. Ke4 Kg6 50. Kf4 Bg7 51. Ke4 Kg5 52. Kf3 Kf5 53. h3 Kg5 54. Ke3 Kf5 55. Kf3 Bf6 56. Ke3 Ke6 57. Ke4 Kd6 58. Kd3 Kd5 59. Kc2 Ke4 60. Kd2 Kf3 61. Ke1 Kg2 62. Ke2 Kxh3 63. Kf1 Kh2 64. Kf2 h3 65. Kf3 Kg1 0-1


[Site "https://www.chess.com"]

[Event "Titled Tuesday Blitz February 14 Late 2023"]
[White "Perera Alfonso, Rene Humberto"]
[Black "Ahmadzada, Ahmad"]
[WhiteFideId "3514722"]
[BlackFideId "13413007"]
[WhiteElo "2320"]
[BlackElo "2488"]
[Result "0-1"]
[Round "02"]
[TimeControl "180+2"]
[Date "2023.02.14"]
[WhiteClock "0:00:04"]
[BlackClock "0:00:06"]

1. e4 Nf6 2. e5 Nd5 3. Nc3 e6 4. d4 d6 5. Nf3 Nxc3 6. bxc3 dxe5 7. Nxe5 Nd7 8. Bf4 Bd6 9. Bb5 c6 10. Bc4 Qa5 11. O-O Nxe5 12. dxe5 Bxe5 13. Qg4 Bxf4 14. Qxf4 Qxc3 15. Rad1 O-O 16. Rd3 Qf6 17. Qc7 b5 18. Bb3 a5 19. Rfd1 Ba6 20. Rf3 Rad8 21. Re1 Qd4 22. h4 Qd6 23. Qa7 c5 24. Rxf7 Rxf7 25. Rxe6 Qd1+ 26. Kh2 c4 27. Qxa6 cxb3 28. axb3 Qg4 29. Qb6 Qxh4+ 30. Kg1 Rd1+ 31. Re1 Rxe1# 0-1


[Site "https://www.chess.com"]

[Event "Titled Tuesday Blitz February 14 Late 2023"]
[White "Baskakov, Egor"]
[Black "Lucassen, Mickey"]
[WhiteFideId "24197866"]
[BlackFideId "12919110"]
[WhiteElo "2215"]
[BlackElo "2023"]
[Result "1-0"]
[Round "02"]
[TimeControl "180+2"]
[Date "2023.02.14"]
[WhiteClock "0:01:22"]
[BlackClock "0:00:58"]

1. e4 g6 2. g3 Bg7 3. Bg2 c5 4. Ne2 d6 5. d4 cxd4 6. Nxd4 Nf6 7. h3 O-O 8. Nc3 a6 9. a4 Qc7 10. Nd5 Nxd5 11. exd5 Nd7 12. a5 Ne5 13. O-O Nc4 14. b3 Nxa5 15. Re1 Qc3 16. Be3 b5 17. Ra2 Bd7 18. Ne2 Qc7 19. Bd4 Nb7 20. Bxg7 Kxg7 21. Nd4 Rfe8 22. Qa1 a5 23. Ne6+ 1-0


[Site "https://www.chess.com"]

[Event "Titled Tuesday Blitz February 14 Late 2023"]
[White "Martinez Reyes, Pedro Ramon"]
[Black "Riehle, Marco"]
[WhiteFideId "3901807"]
[BlackFideId "12904392"]
[WhiteElo "2376"]
[BlackElo "2368"]
[Result "1-0"]
[Round "02"]
[TimeControl "180+2"]
[Date "2023.02.14"]
[WhiteClock "0:02:29"]
[BlackClock "0:02:21"]

1. c4 e6 2. Nc3 d5 3. d4 c5 4. cxd5 cxd4 5. Qxd4 Nc6 6. Qd1 exd5 7. e3 d4 8. exd4 Qxd4 9. Be3 Qxd1+ 10. Rxd1 Bb4 11. Bb5 Ne7 12. Ne2 Be6 13. O-O O-O 14. a3 Ba5 15. Nf4 Bf5 16. Nfd5 Rfd8 17. Bxc6 Nxc6 18. b4 Bb6 19. b5 Kf8 20. bxc6 bxc6 21. Nxb6 axb6 22. Bxb6 Rxd1 23. Rxd1 Rxa3 24. Bc5+ 1-0


[Site "https://www.chess.com"]

[Event "Titled Tuesday Blitz February 14 Late 2023"]
[White "Pakleza, Zbigniew"]
[Black "Chor, Kevin"]
[WhiteFideId "1119290"]
[BlackFideId "2090740"]
[WhiteElo "2494"]
[BlackElo "1944"]
[Result "1-0"]
[Round "02"]
[TimeControl "180+2"]
[Date "2023.02.14"]
[WhiteClock "0:00:21"]
[BlackClock "0:00:02"]

1. d4 Nf6 2. Nf3 g6 3. Bf4 Bg7 4. e3 d6 5. h3 O-O 6. Be2 Nbd7 7. O-O b6 8. c3 Bb7 9. Nbd2 Ne4 10. a4 a5 11. Bh2 e5 12. Qb3 Qe7 13. Rfd1 Kh8 14. Bb5 f5 15. Bxd7 Nxd2 16. Rxd2 Bxf3 17. gxf3 Qxd7 18. dxe5 Qc6 19. exd6 Qxf3 20. dxc7 Qxh3 21. Qd5 Rac8 22. Qg2 Qh4 23. Rad1 Bf6 24. Rd6 Qxa4 25. Qf3 Kg7 26. Rxb6 Rf7 27. b3 Qe8 28. Qc6 Qf8 29. Rd7 Qe8 30. Qxf6+ 1-0


[Site "https://www.chess.com"]

[Event "Titled Tuesday Blitz February 14 Late 2023"]
[White "Krallis, Christos"]
[Black "Mekhitarian, Krikor Sevag"]
[WhiteFideId "4298896"]
[BlackFideId "2107660"]
[WhiteElo "2344"]
[BlackElo "2537"]
[Result "0-1"]
[Round "02"]
[TimeControl "180+2"]
[Date "2023.02.14"]
[WhiteClock "0:00:06"]
[BlackClock "0:00:19"]

1. e4 c5 2. Nf3 e6 3. g3 Nc6 4. Bg2 Nf6 5. Qe2 e5 6. O-O d6 7. c3 Be7 8. d3 O-O 9. a4 Re8 10. Na3 h6 11. Nc4 Be6 12. Nh4 d5 13. Ne3 Bf8 14. h3 Qd7 15. Kh2 Rad8 16. Rd1 d4 17. Nef5 dxc3 18. bxc3 c4 19. Qf3 Nh7 20. d4 exd4 21. cxd4 Ng5 22. Qf4 g6 23. d5 gxf5 24. Bb2 Bd6 25. dxe6 fxe6 26. e5 Qg7 27. Bxc6 bxc6 28. Qxc4 Bxe5 29. Bxe5 Qxe5 30. Qxc6 Qe2 31. Rxd8 Qxf2+ 32. Qg2 Qxg2+ 33. Kxg2 Rxd8 34. Re1 Rd2+ 35. Kf1 Kf7 36. Re2 Rxe2 37. Kxe2 Nxh3 38. Nf3 Kf6 39. Nd4 Ng5 40. Nc6 a6 41. Nb4 Ne4 42. Nxa6 Nc3+ 43. Kf3 Nxa4 44. Nc7 Nc5 45. Ne8+ Kg6 46. g4 Kg5 47. gxf5 exf5 48. Nd6 Ne6 49. Nf7+ Kg6 50. Nd6 Kf6 51. Nc4 Kg5 52. Ne5 h5 53. Nf7+ Kf6 54. Nd6 Nf8 55. Nc4 Ng6 56. Ne3 Kg5 57. Nd5 Ne5+ 58. Kg3 h4+ 59. Kh3 Ng6 60. Kh2 Nf4 61. Nc7 Kg4 62. Ne8 Nh5 63. Nd6 f4 64. Nc4 Nf6 65. Ne5+ Kf5 66. Nf3 Kg4 67. Ne5+ Kh5 68. Kh3 Ne4 69. Nf3 Ng5+ 70. Kg2 Nxf3 71. Kxf3 Kg5 72. Kf2 Kg4 73. Kg2 h3+ 74. Kg1 Kg3 75. Kh1 f3 0-1


[Site "https://www.chess.com"]

[Event "Titled Tuesday Blitz February 14 Late 2023"]
[White "Brilej, Jaka"]
[Black "Tsaruk, Maksim"]
[WhiteFideId "14618818"]
[BlackFideId "13511173"]
[WhiteElo "2321"]
[BlackElo "2373"]
[Result "0-1"]
[Round "02"]
[TimeControl "180+2"]
[Date "2023.02.14"]
[WhiteClock "0:00:11"]
[BlackClock "0:00:04"]

1. d4 d5 2. c4 e6 3. Nc3 Nf6 4. cxd5 exd5 5. Bg5 Bb4 6. e3 h6 7. Bh4 g5 8. Bg3 Ne4 9. Qb3 c5 10. Bb5+ Nc6 11. Ne2 Qa5 12. Qxd5 Nxc3 13. Bxc6+ Kf8 14. Nxc3 Bxc3+ 15. bxc3 Qxc3+ 16. Ke2 Bg4+ 17. f3 c4 18. fxg4 bxc6 19. Qxc6 Qd3+ 20. Kf3 Re8 21. Be5 Rh7 22. Rhd1 Qc2 23. Rac1 Qxa2 24. Rxc4 Re6 25. Qc8+ Re8 26. Qc5+ Kg8 27. Rdc1 f6 28. Qd5+ Rf7 29. Qc6 fxe5+ 30. Kg3 Qf2+ 31. Kh3 Qh4# 0-1


[Site "https://www.chess.com"]